[Event "Titled Tuesday Blitz June 1 2021"]
[White "Ezat, Mohamed"]
[Black "Pein, Jonathan"]
[WhiteFideId "10600906"]
[BlackFideId "417092"]
[WhiteElo "2417"]
[BlackElo "2167"]
[Result "1-0"]
[Round "11"]
[TimeControl "180+1"]
[Date "2021.06.01"]
[WhiteClock "0:00:15"]
[BlackClock "0:00:02"]

1. d4 Nc6 2. c4 d5 3. Nc3 Nf6 4. cxd5 Nxd5 5. e4 Nxc3 6. bxc3 e5 7. Nf3 exd4 8. cxd4 Bb4+ 9. Bd2 Bxd2+ 10. Qxd2 O-O 11. d5 Qf6 12. Rc1 Ne5 13. Be2 Nxf3+ 14. Bxf3 Qd6 15. Qc3 Re8 16. O-O c6 17. dxc6 bxc6 18. Rfd1 Qf4 19. Qxc6 Be6 20. Qa6 h6 21. a3 g5 22. Qd6 Qxd6 23. Rxd6 Rac8 24. Rxc8 Rxc8 25. h3 Rc3 26. Ra6 Bxh3 27. Rxa7 Be6 28. Bh5 Kg7 29. a4 Kf6 30. f3 Ra3 31. a5 g4 32. Kh2 gxf3 33. gxf3 Bc4 34. Kg3 Kg5 35. Bxf7 Be2 36. e5 Bxf3 37. Kf2 Be4 38. Bc4 Kf5 39. e6 1-0


[Site "https://www.chess.com"]

[Event "Titled Tuesday Blitz June 1 2021"]
[White "Garcia Garcia, Alejandro"]
[Black "Girish, A. Koushik"]
[WhiteFideId "3516334"]
[BlackFideId "5038448"]
[WhiteElo "2131"]
[BlackElo "2387"]
[Result "0-1"]
[Round "11"]
[TimeControl "180+1"]
[Date "2021.06.01"]
[WhiteClock "0:00:23"]
[BlackClock "0:00:30"]

1. Nf3 d6 2. g3 g6 3. Bg2 Bg7 4. d3 c5 5. O-O Nc6 6. e4 Rb8 7. a4 a6 8. c3 b5 9. axb5 axb5 10. d4 cxd4 11. cxd4 Bg4 12. Be3 Nf6 13. h3 Bxf3 14. Bxf3 Qd7 15. Bg2 O-O 16. Nd2 Rfc8 17. Qb3 Qd8 18. Rfc1 e6 19. Ra6 Nxd4 20. Rxc8 Qxc8 21. Qa2 Ne8 22. Ra7 Nc6 23. Ra3 Nb4 24. Qb3 Nc2 25. Ra7 Nxe3 26. fxe3 Qc1+ 27. Nf1 Qxb2 28. Qd3 Be5 29. Qd1 Nf6 30. Nd2 Rc8 31. Kh2 Rc1 32. Qb3 Qxd2 33. Qxb5 Qxe3 0-1


[Site "https://www.chess.com"]

[Event "Titled Tuesday Blitz June 1 2021"]
[White "Girsh, Daniel"]
[Black "Gurevich, Dmitry"]
[WhiteFideId "30949190"]
[BlackFideId "2000407"]
[WhiteElo "2394"]
[BlackElo "2506"]
[Result "1/2-1/2"]
[Round "11"]
[TimeControl "180+1"]
[Date "2021.06.01"]
[WhiteClock "0:00:30"]
[BlackClock "0:00:08"]

1. d4 Nf6 2. c4 a6 3. Nc3 c5 4. dxc5 e6 5. e4 Qc7 6. Nf3 Bxc5 7. e5 Ng4 8. Ne4 Nxe5 9. Be2 Bb4+ 10. Bd2 Nxf3+ 11. Bxf3 Bxd2+ 12. Qxd2 O-O 13. c5 Nc6 14. O-O Ne5 15. Be2 b6 16. f4 Nc6 17. f5 f6 18. Rac1 bxc5 19. Nxc5 Qe5 20. Bf3 Rb8 21. Nxd7 Bxd7 22. Qxd7 Qd4+ 23. Qxd4 Nxd4 24. fxe6 Nxf3+ 25. Rxf3 Rxb2 26. e7 Re8 27. Re3 Rxa2 28. Rc6 Kf7 29. Rce6 h5 30. h3 h4 31. Kh2 a5 32. R6e4 a4 33. Re6 a3 34. Ra6 Rxe7 35. Raxa3 Rxa3 36. Rxa3 Re2 37. Ra4 g5 38. Rb4 Kg6 39. Kg1 Kf5 40. Kf1 Re4 41. Rb3 Kf4 42. Rf3+ Ke5 43. Rb3 Rd4 44. Kf2 Ke4 45. Re3+ Kf5 46. Rb3 Ke5 47. Rb8 Kf4 48. Rb2 f5 49. Ra2 Ke4 50. Re2+ Kf4 51. Ra2 g4 52. hxg4 fxg4 53. Ra8 g3+ 54. Ke2 Re4+ 55. Kf1 Rc4 56. Rf8+ Ke3 57. Re8+ Kd3 58. Rd8+ Rd4 59. Rf8 Ke3 60. Rf3+ Kd2 61. Rf8 Re4 62. Rd8+ Ke3 63. Ra8 Rd4 64. Re8+ Kd2 65. Re2+ Kc1 66. Re8 Rd1+ 67. Ke2 Rd2+ 68. Kf3 Rf2+ 69. Kg4 Rxg2 70. Kxh4 Rg1 71. Kh3 Kd2 72. Rg8 Ke2 73. Rxg3 Rxg3+ 74. Kxg3 1/2-1/2


[Site "https://www.chess.com"]

[Event "Titled Tuesday Blitz June 1 2021"]
[White "Golubev, Mikhail"]
[Black "Ivanisevic, Ivan"]
[WhiteFideId "14100983"]
[BlackFideId "912417"]
[WhiteElo "2374"]
[BlackElo "2499"]
[Result "0-1"]
[Round "11"]
[TimeControl "180+1"]
[Date "2021.06.01"]
[WhiteClock "0:00:04"]
[BlackClock "0:00:59"]

1. e4 e5 2. Nf3 Nc6 3. Bb5 Bc5 4. c3 a6 5. Ba4 Nge7 6. d4 exd4 7. cxd4 Bb4+ 8. Bd2 Bxd2+ 9. Qxd2 d5 10. Nc3 O-O 11. O-O Bg4 12. Bxc6 Nxc6 13. Nxd5 Bxf3 14. gxf3 f5 15. Rad1 Qh4 16. Qf4 Qxf4 17. Nxf4 fxe4 18. Ne6 Rxf3 19. d5 Ne5 20. Nxc7 Rd8 21. Rfe1 Nd3 22. Rxe4 Nxf2 23. Rf1 Rdf8 24. Kg2 R3f5 25. Re3 Ng4 26. Ref3 Ne3+ 27. Rxe3 Rxf1 28. Ne6 R8f2+ 29. Kg3 Rf6 30. h3 Rg6+ 31. Kh2 Rf2+ 32. Kh1 Rd2 33. Nf4 Rf6 34. Nd3 Rf1# 0-1


[Site "https://www.chess.com"]

[Event "Titled Tuesday Blitz June 1 2021"]
[White "Goncalves, Davi Sulzbacher"]
[Black "Donchenko, Alexander"]
[WhiteFideId "2154510"]
[BlackFideId "24603295"]
[WhiteElo "2107"]
[BlackElo "2553"]
[Result "1/2-1/2"]
[Round "11"]
[TimeControl "180+1"]
[Date "2021.06.01"]
[WhiteClock "0:00:07"]
[BlackClock "0:00:14"]

1. d4 d5 2. c4 dxc4 3. e4 b5 4. a4 c6 5. Nf3 e5 6. Nxe5 Nf6 7. Nc3 Bb4 8. Bg5 h6 9. Bxf6 Qxf6 10. Be2 Nd7 11. Nf3 Bb7 12. O-O a6 13. e5 Qg6 14. Nd2 O-O 15. Bf3 Nb6 16. axb5 axb5 17. Rxa8 Bxa8 18. Nde4 Nd5 19. Nxd5 cxd5 20. Nc3 Bxc3 21. bxc3 Qb6 22. Qb1 b4 23. Qxb4 Qxb4 24. cxb4 Rb8 25. Rb1 Bc6 26. Kf1 c3 27. Ke1 c2 28. Rc1 Ba4 29. Bxd5 Rxb4 30. Be4 Rc4 31. f3 Rxd4 32. Bxc2 Bxc2 33. Rxc2 g5 34. Ke2 Rd5 35. Rc8+ Kg7 36. Re8 Ra5 37. h4 gxh4 38. e6 Re5+ 39. Kf2 Rxe6 40. Rxe6 fxe6 41. Ke3 Kf6 42. Kf4 h5 43. Ke4 Kg5 44. Ke5 h3 45. gxh3 Kh4 46. Kxe6 Kg3 47. Kf5 h4 48. Kg5 Kxh3 49. f4 Kg3 50. f5 h3 51. f6 h2 52. f7 h1=Q 53. f8=Q Qd5+ 54. Qf5 Qxf5+ 55. Kxf5 1/2-1/2


[Site "https://www.chess.com"]

[Event "Titled Tuesday Blitz June 1 2021"]
[White "Gurvich, Vitaly"]
[Black "Najdin, Danil"]
[WhiteFideId "24164852"]
[BlackFideId "4172426"]
[WhiteElo "2252"]
[BlackElo "2193"]
[Result "0-1"]
[Round "11"]
[TimeControl "180+1"]
[Date "2021.06.01"]
[WhiteClock "0:02:07"]
[BlackClock "0:01:32"]

1. c4 Nf6 2. Nc3 g6 3. e4 c5 4. Nf3 Bg7 5. g3 Nc6 6. Bg2 d6 7. h3 O-O 8. O-O Ne8 9. d3 Nc7 10. Rb1 Ne6 11. a3 a5 12. Bd2 Ned4 13. Nd5 e6 14. Ne3 Nxf3+ 15. Qxf3 Nd4 16. Qd1 a4 17. Bc3 Bd7 18. Nc2 b5 19. cxb5 Bxb5 20. Nxd4 Bxd4 21. Bxd4 cxd4 22. Qd2 Qa5 23. Qe2 Qa6 24. Rfd1 Rfc8 25. Bf1 Rc5 26. Rbc1 Rac8 27. Rxc5 Rxc5 28. Qd2 Qc6 29. Qb4 e5 30. b3 axb3 31. Qxb3 Kg7 32. Ra1 Rc3 33. Qd1 Ba4 34. Qd2 Qb5 35. h4 h5 36. f4 Bc2 37. a4 Bxa4 38. fxe5 dxe5 39. Rc1 Qc5 40. Re1 Rc2 41. Qd1 Rg2+ 42. Bxg2 Bxd1 0-1


[Site "https://www.chess.com"]

[Event "Titled Tuesday Blitz June 1 2021"]
[White "Hryshchenko, Kamila"]
[Black "Tikhonov, Viacheslav"]
[WhiteFideId "14147491"]
[BlackFideId "44196407"]
[WhiteElo "1956"]
[BlackElo "1773"]
[Result "0-1"]
[Round "11"]
[TimeControl "180+1"]
[Date "2021.06.01"]
[WhiteClock "0:00:02"]
[BlackClock "0:00:49"]

1. e4 e6 2. d4 d5 3. Qe2 dxe4 4. Qxe4 Nf6 5. Qh4 Be7 6. Nf3 h6 7. Bd3 b6 8. O-O Bb7 9. Ne5 a6 10. Nc3 Nc6 11. Be3 Nxe5 12. dxe5 Nd5 13. Qg3 Bg5 14. f4 Nxe3 15. Qxe3 Be7 16. Kh1 Bc5 17. Qg3 Qe7 18. Ne4 O-O-O 19. a3 f5 20. Nxc5 Qxc5 21. Qf2 Qc6 22. Rad1 g5 23. Qe2 Rd4 24. Bxa6 Rxf4 25. Rxf4 gxf4 26. Bxb7+ Kxb7 27. c3 Rg8 28. Rd4 Rg4 29. Qf3 Qxf3 30. gxf3 Rh4 31. Kg2 Kc6 32. Rd8 Rh5 33. Rd4 Rh4 34. a4 Kc5 35. b4+ Kc6 36. a5 bxa5 37. bxa5 Kb5 38. Rd7 Rh5 39. Rxc7 Rg5+ 40. Kf2 Rg6 41. Rb7+ Kxa5 42. Rb8 Ka6 43. Rb4 h5 44. Rb1 Rg7 45. Rb4 Rc7 0-1


[Site "https://www.chess.com"]

[Event "Titled Tuesday Blitz June 1 2021"]
[White "Ibrahimli, Murad"]
[Black "Fedoseev, Vladimir"]
[WhiteFideId "13410229"]
[BlackFideId "24130737"]
[WhiteElo "2109"]
[BlackElo "2756"]
[Result "0-1"]
[Round "11"]
[TimeControl "180+1"]
[Date "2021.06.01"]
[WhiteClock "0:00:23"]
[BlackClock "0:01:01"]

1. d4 Nf6 2. c4 e6 3. Nf3 h6 4. Nc3 Bb4 5. g3 Bxc3+ 6. bxc3 b6 7. Bg2 Bb7 8. O-O O-O 9. a4 Be4 10. Bh3 Bxf3 11. exf3 Nc6 12. Re1 Na5 13. Bf1 Re8 14. f4 c5 15. Ba3 Rc8 16. dxc5 bxc5 17. Rb1 d6 18. Qd3 Qc7 19. Red1 Red8 20. Bc1 Qc6 21. Rb5 a6 22. Rxa5 Qb6 23. Rb5 axb5 24. cxb5 Qa5 25. Qc2 Ra8 26. b6 Qxb6 27. Bb5 Ne8 28. c4 Nc7 29. f5 exf5 30. Qxf5 d5 31. cxd5 Nxb5 32. axb5 Qxb5 33. d6 Qe2 34. Qd5 Ra1 35. Kg2 Qc2 36. d7 Rxc1 37. Rxc1 Qxc1 38. Qe5 Qg5 39. Qe8+ Kh7 40. Qxf7 Qf6 41. Qd5 Qd4 42. Qf5+ Kh8 0-1


[Site "https://www.chess.com"]

[Event "Titled Tuesday Blitz June 1 2021"]
[White "Indjic, Aleksandar"]
[Black "Can, Emre"]
[WhiteFideId "911925"]
[BlackFideId "6302181"]
[WhiteElo "2643"]
[BlackElo "2503"]
[Result "0-1"]
[Round "11"]
[TimeControl "180+1"]
[Date "2021.06.01"]
[WhiteClock "0:00:04"]
[BlackClock "0:00:09"]

1. d4 Nf6 2. Nf3 g6 3. Bg5 Bg7 4. Nbd2 O-O 5. c3 d6 6. e3 b6 7. Bd3 Bb7 8. O-O Nbd7 9. e4 e5 10. h3 h6 11. Bh4 Qe8 12. Re1 Nh5 13. a4 Nf4 14. Bc4 a6 15. Bg3 Kh8 16. Bxf4 exf4 17. Bd5 c6 18. Bc4 g5 19. Nf1 Qe7 20. Qd3 b5 21. Bb3 c5 22. axb5 axb5 23. Rxa8 Bxa8 24. Qxb5 Bxe4 25. Rxe4 Qxe4 26. Qxd7 cxd4 27. cxd4 Bxd4 28. Qxd6 Bg7 29. Bd5 Qb1 30. b3 Qd1 31. Qd7 Bf6 32. Qf5 Kg7 33. Be4 Rh8 34. Bc2 Qd6 35. N1d2 Bd8 36. Nc4 Qf6 37. Nfe5 Qxf5 38. Bxf5 Bc7 39. Nc6 Re8 40. Kf1 Ra8 41. Be4 Ra1+ 42. Ke2 Ra2+ 43. Kf3 Kf6 44. b4 Ra4 45. Bd5 h5 46. b5 Kf5 47. Nd4+ Kf6 48. g4 fxg3 49. fxg3 Rb4 50. g4 h4 51. Ke4 Rb1 52. Kd3 Rd1+ 53. Kc3 Rg1 54. Ne2 Re1 55. Kd2 Rb1 56. Nc3 Rg1 57. Be4 Bf4+ 58. Kc2 Bh2 59. b6 Rg3 60. b7 Rxh3 61. Nb5 Bb8 62. Nb6 Ke7 63. Bf5 Rh2+ 64. Kb3 h3 65. Nd7 Bf4 66. Nc3 Rd2 67. Kc4 Rxd7 68. Bxd7 Kxd7 69. Nd5 h2 70. Nxf4 Kc7 0-1


[Site "https://www.chess.com"]

[Event "Titled Tuesday Blitz June 1 2021"]
[White "Isajevsky, Anton"]
[Black "Grieve, Harry"]
[WhiteFideId "4142500"]
[BlackFideId "426520"]
[WhiteElo "2510"]
[BlackElo "2191"]
[Result "0-1"]
[Round "11"]
[TimeControl "180+1"]
[Date "2021.06.01"]
[WhiteClock "0:00:10"]
[BlackClock "0:01:30"]

1. c4 f5 2. g3 Nf6 3. Bg2 g6 4. Nc3 Bg7 5. d3 O-O 6. e3 d6 7. Nge2 e5 8. O-O Nc6 9. Rb1 Qe7 10. b4 Bd7 11. Nd5 Nxd5 12. cxd5 Nd8 13. Qb3 Nf7 14. Bd2 h6 15. Rfc1 Rac8 16. Rc2 g5 17. Rbc1 Qd8 18. a4 f4 19. Nc3 h5 20. Nb5 Bxb5 21. axb5 Bh6 22. Rc4 g4 23. Qc2 fxe3 24. fxe3 Ng5 25. Rxc7 Rxc7 26. Qxc7 Qf6 27. Rf1 Nf3+ 28. Kh1 Qg6 29. Bxf3 Qxd3 0-1


[Site "https://www.chess.com"]

[Event "Titled Tuesday Blitz June 1 2021"]
[White "Jakubowski, Krzysztof"]
[Black "Prydun, Andriy"]
[WhiteFideId "1112848"]
[BlackFideId "14145898"]
[WhiteElo "2462"]
[BlackElo "2033"]
[Result "0-1"]
[Round "11"]
[TimeControl "180+1"]
[Date "2021.06.01"]
[WhiteClock "0:00:31"]
[BlackClock "0:01:09"]

1. e4 d5 2. exd5 Qxd5 3. Nc3 Qd6 4. Bc4 Nf6 5. d3 Be6 6. Bb3 Bxb3 7. axb3 c6 8. Nge2 Nbd7 9. O-O e6 10. Re1 Qb8 11. Bf4 Bd6 12. Bxd6 Qxd6 13. Ng3 O-O 14. Nge4 Qc7 15. Qf3 Rfd8 16. Qg3 Qxg3 17. hxg3 a6 18. Ra5 Kf8 19. f3 h6 20. g4 Nd5 21. Nxd5 cxd5 22. Nd2 Rac8 23. c3 Nc5 24. d4 Nd3 25. Rb1 e5 26. dxe5 Nxe5 27. Kf1 Nc6 28. Raa1 d4 29. Ne4 Ne5 30. Rd1 dxc3 31. bxc3 Rd3 32. Rxd3 Nxd3 33. Ke2 Nc5 34. b4 Nxe4 35. fxe4 Rxc3 36. Rd1 Ke7 37. Rd5 Rc4 38. Re5+ Kd6 39. Rd5+ Ke6 40. Kf3 Rxb4 41. Rd8 a5 42. Re8+ Kd7 43. Rg8 a4 44. Rxg7 a3 45. Rxf7+ Ke6 46. Rf8 Ra4 47. Re8+ Kf7 48. Rb8 Ra7 49. Rxb7+ Rxb7 0-1


[Site "https://www.chess.com"]

[Event "Titled Tuesday Blitz June 1 2021"]
[White "Karttunen, Mika"]
[Black "Iskusnyh, Sergei"]
[WhiteFideId "502081"]
[BlackFideId "4120027"]
[WhiteElo "2343"]
[BlackElo "2492"]
[Result "1-0"]
[Round "11"]
[TimeControl "180+1"]
[Date "2021.06.01"]
[WhiteClock "0:00:23"]
[BlackClock "0:00:03"]

1. e4 e6 2. d4 d5 3. Nc3 Nf6 4. Bg5 dxe4 5. Nxe4 Nbd7 6. Nf3 h6 7. Nxf6+ Nxf6 8. Bxf6 Qxf6 9. Bb5+ c6 10. Bd3 g6 11. O-O Bg7 12. Re1 O-O 13. Ne5 Rd8 14. c3 Bd7 15. Re3 Be8 16. Qe2 Rac8 17. b4 a5 18. a3 axb4 19. axb4 Ra8 20. Qb2 Qe7 21. Bc4 Rxa1+ 22. Qxa1 Qc7 23. Re2 Kh7 24. h4 h5 25. Nf3 Bf6 26. g3 Kg7 27. Ra2 Bd7 28. Ra7 Bc8 29. Qa5 Qe7 30. Qc5 Qc7 31. b5 Be7 32. b6 Qd7 33. Qe5+ Bf6 34. Qb8 e5 35. Nxe5 Qf5 36. Qc7 Rf8 37. Nxf7 Bd7 38. Rxb7 1-0


[Site "https://www.chess.com"]

[Event "Titled Tuesday Blitz June 1 2021"]
[White "Kavyev, Ruslan"]
[Black "Richter, Nils"]
[WhiteFideId "34110981"]
[BlackFideId "12990809"]
[WhiteElo "2172"]
[BlackElo "2289"]
[Result "1-0"]
[Round "11"]
[TimeControl "180+1"]
[Date "2021.06.01"]
[WhiteClock "0:02:15"]
[BlackClock "0:00:40"]

1. e4 c5 2. Nf3 d6 3. d4 cxd4 4. Nxd4 Nf6 5. Nc3 a6 6. a3 e5 7. Nf5 d5 8. Bg5 d4 9. Bxf6 gxf6 10. Nb1 Qb6 11. Nd2 Be6 12. Bd3 Nd7 13. O-O Nc5 14. b4 Nxd3 15. cxd3 O-O-O 16. Rc1+ Kb8 17. Nc4 Qb5 18. Qb3 h5 19. Rc2 h4 20. h3 Rg8 21. Rb1 Bxf5 22. exf5 Qd5 23. f3 Qxf3 24. b5 a5 25. Nxa5 Bc5 26. Nc6+ bxc6 27. bxc6+ Kc7 28. Qxf7+ Kxc6 29. Rxc5+ Kxc5 30. Qc7+ Qc6 31. Rc1+ Kb5 32. Qxc6+ Ka5 33. Rc5# 1-0


[Site "https://www.chess.com"]

[Event "Titled Tuesday Blitz June 1 2021"]
[White "Klenburg, Michael"]
[Black "Sonis, Francesco"]
[WhiteFideId "14102072"]
[BlackFideId "895733"]
[WhiteElo "2359"]
[BlackElo "2373"]
[Result "0-1"]
[Round "11"]
[TimeControl "180+1"]
[Date "2021.06.01"]
[WhiteClock "0:00:08"]
[BlackClock "0:00:20"]

1. e4 e5 2. Nf3 Nc6 3. Bb5 a6 4. Ba4 Nf6 5. d3 d6 6. c3 g6 7. Nbd2 Bg7 8. Nf1 O-O 9. Bg5 h6 10. Bh4 Ne7 11. Ne3 c6 12. d4 Nxe4 13. dxe5 d5 14. Bc2 g5 15. Bg3 Ng6 16. Bxe4 dxe4 17. Qxd8 Rxd8 18. Nd2 Nxe5 19. Bxe5 Bxe5 20. Nxe4 f5 21. Nc5 b6 22. Nb3 f4 23. Nc4 Bc7 24. O-O Be6 25. Ncd2 c5 26. Ne4 Bf5 27. Rfe1 Kf7 28. f3 Rd7 29. a4 Be6 30. Nbd2 Rad8 31. Re2 a5 32. b3 Be5 33. Nc4 Rd1+ 34. Re1 Rxe1+ 35. Rxe1 Bc7 36. Kf2 Bf5 37. h3 Rd3 38. Ncd2 Be5 39. Ke2 Rd5 40. Rc1 Kg6 41. Nc4 Bc7 42. Ncd2 h5 43. Rc2 g4 44. hxg4 hxg4 45. Rc1 g3 46. Rc2 Be5 47. Rc1 Bc7 48. Rc2 Rd8 49. Rc1 Rh8 50. Rg1 Rh7 51. Nc4 Rh2 52. Kd3 Rh7 53. Ke2 Rd7 54. Rd1 Rxd1 55. Kxd1 Bxe4 56. fxe4 f3 57. Ke1 fxg2 0-1


[Site "https://www.chess.com"]

[Event "Titled Tuesday Blitz June 1 2021"]
[White "Kololli, Martin"]
[Black "Mazur, Stefan"]
[WhiteFideId "12936910"]
[BlackFideId "14909332"]
[WhiteElo "2039"]
[BlackElo "2437"]
[Result "1-0"]
[Round "11"]
[TimeControl "180+1"]
[Date "2021.06.01"]
[WhiteClock "0:00:09"]
[BlackClock "0:00:16"]

1. e4 e5 2. Nf3 Nc6 3. Bc4 Nf6 4. O-O Nxe4 5. Nc3 Nxc3 6. dxc3 Be7 7. Qd5 O-O 8. Nxe5 Nxe5 9. Qxe5 d6 10. Qg3 Be6 11. Bd3 Qd7 12. Re1 Rfe8 13. Bg5 Bxg5 14. Qxg5 h6 15. Qh4 Bf5 16. Qd4 Bxd3 17. Qxd3 Rxe1+ 18. Rxe1 Re8 19. Re3 Re6 20. h3 Qe7 21. Rxe6 Qxe6 22. a3 Qe1+ 23. Qf1 Qd2 24. Qb5 Qc1+ 25. Kh2 Qf4+ 26. Kg1 b6 27. Qe8+ Kh7 28. g3 Qf5 29. h4 Kg6 30. Qe2 Qe5 31. Qd3+ f5 32. Kf1 Kf6 33. Qd4 c5 34. Qd3 g5 35. c4 gxh4 36. gxh4 Qh2 37. Ke2 Ke6 38. Qe3+ Qe5 39. Kd3 Qxe3+ 40. Kxe3 Ke5 41. f4+ Kf6 42. Kf3 Kg6 43. Kg3 Kh5 44. Kh3 a6 45. Kg3 b5 46. cxb5 axb5 47. b3 Kg6 48. a4 bxa4 49. bxa4 Kf6 50. a5 Ke7 51. a6 Kd7 52. a7 Kc7 53. a8=Q Kb6 54. Qg8 1-0


[Site "https://www.chess.com"]

[Event "Titled Tuesday Blitz June 1 2021"]
[White "Korkmaz, Necmettin"]
[Black "Real De Azua, Ernesto"]
[WhiteFideId "6303285"]
[BlackFideId "108154"]
[WhiteElo "2094"]
[BlackElo "2476"]
[Result "0-1"]
[Round "11"]
[TimeControl "180+1"]
[Date "2021.06.01"]
[WhiteClock "0:00:24"]
[BlackClock "0:00:48"]

1. e4 e6 2. d4 d5 3. e5 c5 4. c3 Nc6 5. Nf3 Bd7 6. a3 Nge7 7. b4 cxd4 8. cxd4 Nf5 9. Bb2 Qb6 10. g4 Nfe7 11. Nc3 Na5 12. Nd2 Rc8 13. Na4 Qc6 14. Nc5 Nc4 15. Qb3 h5 16. Rc1 b6 17. Nxd7 Kxd7 18. Bg2 b5 19. h3 Ng6 20. Qg3 hxg4 21. hxg4 Rxh1+ 22. Bxh1 Be7 23. f4 Bh4 24. Qxh4 Nxh4 0-1


[Site "https://www.chess.com"]

[Event "Titled Tuesday Blitz June 1 2021"]
[White "Kosteniuk, Alexandra"]
[Black "Kezin, Roman"]
[WhiteFideId "4128125"]
[BlackFideId "24124621"]
[WhiteElo "2521"]
[BlackElo "2574"]
[Result "0-1"]
[Round "11"]
[TimeControl "180+1"]
[Date "2021.06.01"]
[WhiteClock "0:00:26"]
[BlackClock "0:00:18"]

1. e4 c5 2. c3 d5 3. exd5 Nf6 4. d4 cxd4 5. cxd4 Nxd5 6. Nf3 g6 7. Nc3 Bg7 8. Bc4 Nb6 9. Bb3 O-O 10. h3 Nc6 11. Be3 Na5 12. Bc2 Be6 13. O-O Nd5 14. Ng5 Nxc3 15. bxc3 Bd5 16. Bf4 Rc8 17. Qe1 Bc4 18. f3 Bxf1 19. Kxf1 Qd5 20. Bd3 Rxc3 21. Qxc3 Bxd4 22. Qe1 Bxa1 23. Be4 Qb5+ 24. Kg1 Bd4+ 25. Kh2 h6 26. Nxf7 Rxf7 27. Bxg6 Rxf4 28. Qe6+ Kg7 29. Bc2 Bf6 0-1


[Site "https://www.chess.com"]

[Event "Titled Tuesday Blitz June 1 2021"]
[White "Kretov, Evgenij"]
[Black "Eugene, Floryan"]
[WhiteFideId "4167821"]
[BlackFideId "20694784"]
[WhiteElo "2381"]
[BlackElo "2530"]
[Result "0-1"]
[Round "11"]
[TimeControl "180+1"]
[Date "2021.06.01"]
[WhiteClock "0:00:11"]
[BlackClock "0:00:15"]

1. d4 Nf6 2. c4 c6 3. Nc3 d5 4. e3 g6 5. Nf3 Bg7 6. Be2 O-O 7. O-O Bg4 8. b3 e6 9. Bb2 Nbd7 10. h3 Bxf3 11. Bxf3 Nb6 12. Qe2 Qd7 13. Rfd1 Rfd8 14. e4 dxc4 15. bxc4 Qe7 16. e5 Ne8 17. c5 Nd5 18. Ne4 b6 19. Nd6 Nxd6 20. cxd6 Qd7 21. Rdc1 Rdc8 22. Ba3 a5 23. Rab1 Rab8 24. Rc2 c5 25. dxc5 Qa4 26. Rb3 bxc5 27. Rxc5 Nb4 28. Bxb4 axb4 29. Rxc8+ Rxc8 30. Qd2 Bxe5 31. d7 Rd8 32. Rd3 Bc3 33. Qf4 Qxa2 34. Qc7 Bf6 35. Qb7 b3 36. g3 b2 37. Rd1 Kg7 38. Kg2 Qa4 39. h4 h5 40. Rd3 Bd4 41. Rd1 Rxd7 42. Qe4 e5 43. g4 hxg4 44. Bxg4 f5 45. Bxf5 gxf5 46. Qxf5 Qxd1 47. Qxd7+ Kf6 48. Qd6+ Kf5 49. Qd7+ Ke4 50. Qh7+ Kd5 51. Qf7+ Kc5 52. Qc7+ Kb4 53. Qb7+ Ka3 54. Qa6+ Qa4 55. Qd6+ Ka2 56. Qd5+ Qb3 0-1


[Site "https://www.chess.com"]

[Event "Titled Tuesday Blitz June 1 2021"]
[White "Krivonosov, Oleg"]
[Black "Krishna Teja, N"]
[WhiteFideId "11600349"]
[BlackFideId "5001498"]
[WhiteElo "2469"]
[BlackElo "2278"]
[Result "1/2-1/2"]
[Round "11"]
[TimeControl "180+1"]
[Date "2021.06.01"]
[WhiteClock "0:00:07"]
[BlackClock "0:00:19"]

1. Nf3 d5 2. d4 Nf6 3. c4 e6 4. g3 dxc4 5. Qa4+ Bd7 6. Qxc4 Bc6 7. Bg2 Nbd7 8. O-O Be7 9. Nc3 O-O 10. Bg5 Ne4 11. Bxe7 Qxe7 12. Nxe4 Bxe4 13. Qxc7 Rfc8 14. Qf4 Nf6 15. Rac1 Qb4 16. Rxc8+ Rxc8 17. Rc1 Rf8 18. Qd2 Qb6 19. Qc3 Nd5 20. Qb3 Qa6 21. e3 Qe2 22. Re1 Qa6 23. Ne5 Bxg2 24. Kxg2 Rc8 25. Nd3 b6 26. Kg1 Nf6 27. Rc1 Ne4 28. Rxc8+ Qxc8 29. Qd1 Qc4 30. Qc1 Qxc1+ 31. Nxc1 Kf8 32. Kf1 Ke7 33. Ke2 Kd6 34. f3 Nf6 35. e4 Nd7 36. Nd3 f6 37. h4 Nb8 38. Kd2 Nc6 39. Kc3 g6 40. b4 a6 41. a4 h6 42. Kc4 Na7 43. e5+ fxe5 44. Nxe5 b5+ 45. axb5 axb5+ 46. Kd3 g5 47. Nf7+ Kd5 48. Nxh6 gxh4 49. gxh4 Nc6 50. Ng4 Nxb4+ 51. Kc3 Na2+ 52. Kb2 Nb4 53. h5 Kxd4 54. h6 Nd3+ 55. Kb3 Nf4 56. h7 Ng6 57. Kb4 e5 58. Kxb5 e4 59. fxe4 Kxe4 60. Nh6 Nh8 61. Nf7 Nxf7 62. h8=Q Nxh8 1/2-1/2


[Site "https://www.chess.com"]

[Event "Titled Tuesday Blitz June 1 2021"]
[White "Krzywda, Andrzej"]
[Black "Leisch, Lukas"]
[WhiteFideId "1114565"]
[BlackFideId "1632094"]
[WhiteElo "2100"]
[BlackElo "2210"]
[Result "1/2-1/2"]
[Round "11"]
[TimeControl "180+1"]
[Date "2021.06.01"]
[WhiteClock "0:00:18"]
[BlackClock "0:00:10"]

1. e4 e6 2. d4 d5 3. Bd3 c5 4. exd5 exd5 5. c3 c4 6. Bc2 Nf6 7. Bg5 Bd6 8. Qe2+ Be6 9. Nf3 O-O 10. O-O Nc6 11. Nbd2 Re8 12. Ne5 h6 13. Bh4 Bg4 14. Qe3 Nxe5 15. dxe5 Bxe5 16. Bg3 Bxg3 17. Qxg3 Qb6 18. h3 Re2 19. hxg4 Rxd2 20. Rac1 Qxb2 21. Bb1 Re8 22. g5 hxg5 23. Qxg5 Rxf2 24. Rxf2 Re2 25. Rxe2 Qxe2 26. Rf1 Ne4 27. Qd8+ Kh7 28. Qh4+ Kg8 29. Qd8+ Kh7 30. Qxd5 Qe3+ 31. Kh1 Qh6+ 32. Kg1 Qe3+ 33. Kh2 Qh6+ 34. Kg1 Qe3+ 1/2-1/2


[Site "https://www.chess.com"]

[Event "Titled Tuesday Blitz June 1 2021"]
[White "Kukhmazov, Arsen"]
[Black "Thejkumar, M. S."]
[WhiteFideId "24108260"]
[BlackFideId "5009154"]
[WhiteElo "2453"]
[BlackElo "2312"]
[Result "1-0"]
[Round "11"]
[TimeControl "180+1"]
[Date "2021.06.01"]
[WhiteClock "0:00:49"]
[BlackClock "0:00:06"]

1. d4 d5 2. c4 e5 3. e3 exd4 4. exd4 Nf6 5. Nc3 Bb4 6. Bd3 dxc4 7. Bxc4 O-O 8. Ne2 Nc6 9. O-O Bf5 10. a3 Be7 11. Bf4 Qd7 12. Qd2 Ne4 13. Nxe4 Bxe4 14. Rad1 Bd6 15. Nc3 Bg6 16. Nd5 Ne7 17. Bxd6 Qxd6 18. Nf4 Rad8 19. Rfe1 Nf5 20. Nxg6 hxg6 21. d5 Qf6 22. Qb4 Nd6 23. Bd3 Rfe8 24. g3 b6 25. Kg2 a5 26. Qd2 Qd4 27. Rxe8+ Rxe8 28. Be2 Qxd2 29. Rxd2 Ne4 30. Rc2 Re7 31. h4 Nd6 32. Bd3 f5 33. Kf3 Kf7 34. g4 Ke8 35. Kf4 Kf7 36. gxf5 gxf5 37. Bxf5 Kf6 38. Be6 c5 39. f3 c4 40. h5 b5 41. Rg2 Re8 42. Rg6+ Ke7 43. Rxg7+ Kf6 44. Rg6+ Ke7 45. Ke5 Nf7+ 46. Bxf7 Kxf7+ 47. Re6 Rh8 48. h6 b4 49. axb4 axb4 50. Kd4 c3 51. bxc3 bxc3 52. Kxc3 1-0


[Site "https://www.chess.com"]

[Event "Titled Tuesday Blitz June 1 2021"]
[White "Le, Tuan Minh"]
[Black "Siva Mahadevan"]
[WhiteFideId "12401153"]
[BlackFideId "25043153"]
[WhiteElo "2450"]
[BlackElo "2203"]
[Result "0-1"]
[Round "11"]
[TimeControl "180+1"]
[Date "2021.06.01"]
[WhiteClock "0:00:07"]
[BlackClock "0:00:22"]

1. d4 Nf6 2. Nf3 g6 3. Bg5 Bg7 4. Nbd2 O-O 5. c3 d6 6. e4 c5 7. dxc5 dxc5 8. Bc4 h6 9. Bh4 Nc6 10. Qe2 Nh5 11. O-O Qc7 12. Rfe1 e6 13. Qe3 g5 14. Nxg5 hxg5 15. Qxg5 Qe5 16. Qg4 Nf6 17. Qf3 Qh5 18. Qg3 Qg4 19. e5 Qxg3 20. hxg3 Nd5 21. f4 Nce7 22. Ne4 b6 23. Nd6 Bd7 24. Rad1 Bc6 25. Bg5 a6 26. g4 b5 27. Bb3 c4 28. Bc2 Ng6 29. g3 Ra7 30. Ne4 Rb8 31. a3 a5 32. Rd4 Rc7 33. Nf6+ Kf8 34. f5 Nge7 35. Nh7+ Kg8 36. f6 Ng6 37. fxg7 Kxh7 38. Bf6 Rg8 39. g5 Rxg7 40. Kf2 Kg8 41. Rh1 Nxf6 42. gxf6 Bxh1 43. Rd8+ Nf8 44. fxg7 Kxg7 45. Ke3 Rd7 46. Rb8 Rd5 47. Kf4 Ng6+ 48. Bxg6 Kxg6 49. Ra8 a4 50. Rb8 Bg2 51. Rg8+ Kh7 52. Rf8 Kg7 53. Rb8 Bh3 54. g4 Bf1 55. g5 Bd3 56. Rb7 Bg6 57. Rb8 Bh5 58. Rb7 Bd1 59. Rb8 Bc2 60. Rb7 Rc5 61. Rb8 Bf5 62. Rb7 Kg6 63. Rb8 Rd5 64. Rg8+ Kh7 65. Rb8 Kg7 66. Rb7 Rd2 67. Rxb5 Bc2 68. Kf3 Bb3 69. Ke3 Rxb2 70. Rb7 Ra2 71. Kd4 Rxa3 72. Kc5 Ra1 73. Kd6 a3 74. Ke7 a2 75. Ke8 Rf1 0-1


[Site "https://www.chess.com"]